 Dungeon Crawl Stone Soup version 0.19.0-19-g8c6edcc (webtiles) character file.

4764 AAAAA the Carver (level 10, -1/68 HPs)
             Began as an Octopode Warper on Nov 14, 2016.
             Was a Priest of Qazlal.
             Killed from afar by a hell hound (23 damage)
             ... with a blast of flame
             ... on level 8 of the Dungeon.
             The game lasted 00:35:10 (8585 turns).

AAAAA the Carver (Octopode Warper)                  Turns: 8585, Time: 00:35:17

Health: -1/68      AC:  2    Str: 12    XL:     10   Next: 47%
Magic:  0/14       EV: 22    Int: 15    God:    Qazlal [***...]
Gold:   618        SH: 10    Dex: 21    Spells: 2 memorised, 9 levels left

rFire  . . .     SeeInvis .     a - +0 falchion
rCold  + . .     Gourm    .     m - +0 buckler
rNeg   . . .     Faith    .     (helmet restricted)
rPois  .         Spirit   +     B - amulet of guardian spirit
rElec  .         Reflect  .     k - +3 ring of evasion
rCorr  .         Harm     .     A - +3 ring of dexterity
MR     .....                    (no ring)
Stlth  ++........               (no ring)
                                (no ring)
                                (no ring)
                                (no ring)
                                (no ring)

@: no status effects
A: almost no armour, stealthy swim, amphibious, 8 rings, constrict 8, camouflage
1, agile 1, cold resistance 1, mutation resistance 1, shaggy fur 1, strong 1,
gelatinous body 1
a: Upheaval, Elemental Force, Renounce Religion


You were on level 8 of the Dungeon.
You worshipped Qazlal.
Qazlal was most pleased with you.
You were not hungry.

You visited 2 branches of the dungeon, and saw 10 of its levels.
You also visited: Bailey.

You collected 618 gold pieces.

Inventory:

Hand Weapons
 a - a +0 falchion (weapon)
 t - a +0 halberd of protection
Missiles
 d - 5 tomahawks of dispersal
 i - 144 stones
 p - 17 tomahawks
 x - 27 poisoned needles
 K - 5 javelins of returning (quivered)
Armour
 m - a +0 buckler (worn)
Jewellery
 k - a +3 ring of evasion (left tentacle)
 A - a +3 ring of dexterity (right tentacle)
 B - an amulet of guardian spirit (around mantle)
Wands
 l - a wand of teleportation (8/9)
 v - a wand of slowing (7/48)
 N - a wand of acid (0/15)
Scrolls
 c - 3 scrolls of blinking
 h - 4 scrolls of recharging
 n - 2 scrolls of amnesia
 q - 2 scrolls of teleportation
 r - 4 scrolls of remove curse
 s - 2 scrolls of fear
 y - a scroll of enchant armour
 C - a scroll of magic mapping
 H - 2 scrolls of enchant weapon
 M - 2 scrolls of identify
Potions
 e - 2 potions of brilliance
 j - a potion of ambrosia
 w - a potion of agility
 z - a potion of might
 F - a potion of berserk rage {unknown}
 G - a potion of invisibility
Books
 b - a book of Spatial Translocations

   Spells                             Type                      Level
   a - Blink                          Translocation                2
   b - Shroud of Golubria             Charms/Translocation         2
   c - Lesser Beckoning               Translocation                3
   d - Portal Projectile              Translocation                3
   e - Teleport Other                 Translocation                3
   f - Passage of Golubria            Translocation                4
 D - a book of Power

   Spells                             Type                      Level
   a - Fulminant Prism                Conjuration/Hexes            4
   b - Iskenderun's Mystic Blast      Conjuration                  4
   c - Venom Bolt                     Conjuration/Poison           5
   d - Bolt of Magma                  Conjuration/Fire/Earth       5
   e - Iron Shot                      Conjuration/Earth            6
   f - Orb of Destruction             Conjuration                  7
   g - Spellforged Servitor           Conjuration/Summoning        7
 E - a Grand Grimoire

   Spells                             Type                      Level
   a - Monstrous Menagerie            Summoning                    7
   b - Summon Greater Demon           Summoning                    7
   c - Malign Gateway                 Summoning/Translocation      7
   d - Summon Horrible Things         Summoning                    8
Comestibles
 f - 6 bread rations
 g - a slice of pizza
 o - 3 fruits
 u - a meat ration
 I - a royal jelly
 J - a beef jerky
 L - 7 chunks of flesh


   Skills:
 - Level 6.0 Fighting
 + Level 9.8 Long Blades
 - Level 1.0 Throwing
 - Level 6.8 Dodging
 - Level 5.4 Shields
 - Level 2.0 Spellcasting
 - Level 3.0 Translocations
 + Level 5.9 Invocations


You had 9 spell levels left.
You knew the following spells:

 Your Spells              Type           Power        Failure   Level  Hunger
a - Shroud of Golubria    Chrm/Tloc      #.........   17%         2    ###....
b - Blink                 Tloc           N/A          12%         2    ###....


Dungeon Overview and Level Annotations

Branches:
Dungeon (9/15)             Temple (1/1) D:5
   Lair: D:8-11         Orc: D:9-12

Altars:
Cheibriados
Dithmenos
Fedhas
Hepliaklqana
Kikubaaqudgha
Okawaru
Qazlal
Ru
Trog
Xom
Yredelemnul
The Shining One

Shops:
D:4 (


Innate Abilities, Weirdness & Mutations

You cannot wear most types of armour.
You are very stealthy in the water. (Stealth+)
You are amphibious.
You can wear up to eight rings at the same time.
You can use your tentacles to constrict eight enemies at once.
Your skin changes colour to match your surroundings (Stealth+).
Your rubbery body absorbs attacks. (AC +1, EV +1)
You are agile. (Dex +2)
Your flesh is cold resistant. (rC+)
You are somewhat resistant to further mutation.
You are covered in fur. (AC +1)
Your muscles are strong. (Str +2)


Message History

Grum is almost dead.
You constrict Grum. You slash Grum!
You kill Grum!
Qazlal accepts your kill.
Casting: Shroud of Golubria
Confirm with . or Enter, or press ? or * to list all spells.
You don't have enough magic to cast that spell.
Unknown command.
Evoke which item? (* to show all) (? for menu, Esc to quit)
Zapping:
N - a wand of acid {zapped: 1} (will waste charges)
Press: ? - help, Shift-Dir - straight line, f - hell hound
Aim: a hell hound The bolt of acid hits the hell hound.
The hell hound is splashed with acid.
The acid corrodes the hell hound!
The hell hound is severely wounded.
Evoking this partially-identified wand wasted a few charges.
The hell hound breathes flames at you. The blast of flame hits you!
You die...

#.....<... #......).. ##........
####### ####......... #.....#
##............ .....
######....[###%.##......... .....
#.......[..#....##......... .....
#..........#)..>##.........
.....##.........@h)...###......<.
..............###ยง...# ##...@).#
..........######...(.# ###.g###
###.#..########.#...# #.##
#.............[#.### ##)# #
#...........####.# #..#
.###...........# #.# #)##
............[..# #.#######.####
##.............# #....#..h....#


You could see a hell hound.

Vanquished Creatures
  Erica (D:8)
  Grinder (D:5)
  Grum (D:8)
  The ghost of AAAAA the Skirmisher, an amateur OpWr (D:3)
  A hell hound (D:7)
  2 ice beasts (D:7)
  4 orc warriors
  5 ogres
  A necrophage (D:7)
  A phantom (D:4)
  A sky beast (D:6)
  A centaur (D:7)
  4 wolves
  2 big kobolds (D:7)
  3 bullfrogs
  9 killer bees
  2 scorpions
  3 wights (D:7)
  2 crimson imps
  A jelly (D:8)
  3 orc priests
  A centaur skeleton (D:5)
  3 bullfrog skeletons
  4 hounds
  3 orc wizards
  Terence (D:3)
  3 worker ants
  A hound zombie (D:8)
  2 worker ant zombies
  7 gnolls
  A howler monkey skeleton (D:4)
  10 adders
  2 shadow imps
  An ooze (D:1)
  2 adder zombies
  6 worms
  2 adder skeletons
  A dart slug (D:2)
  31 orcs
  13 bats
  5 giant cockroaches
  7 hobgoblins
  10 jackals
  13 kobolds
  3 quokkas
  5 ball pythons
  6 frilled lizards
  4 goblins
  A leopard gecko skeleton (D:4)
  A quokka skeleton (D:6)
  4 rats
202 creatures vanquished.

Notes
Turn   | Place    | Note
-------+----------+-------------------------------------------
     0 | D:1      | AAAAA the Octopode Warper began the quest for the Orb.
     0 | D:1      | Reached XP level 1. HP: 14/14 MP: 3/3
   170 | D:3      | Found a stormy altar of Qazlal.
   182 | D:3      | Reached XP level 2. HP: 20/20 MP: 5/5
   191 | D:3      | Became a worshipper of Qazlal Stormbringer
   286 | D:2      | Found a shimmering altar of Xom.
   301 | D:2      | Reached XP level 3. HP: 18/26 MP: 6/6
   339 | D:2      | Learned a level 2 spell: Shroud of Golubria
   342 | D:2      | Learned a level 2 spell: Blink
   477 | D:3      | Reached XP level 4. HP: 32/33 MP: 7/7
   692 | D:1      | Reached * piety under Qazlal
  1379 | D:2      | Reached skill level 5 in Fighting
  1406 | D:2      | Reached XP level 5. HP: 37/39 MP: 8/8
  1951 | D:4      | Noticed a phantom
  1989 | D:3      | Found an ancient bone altar of Kikubaaqudgha.
  2002 | D:3      | Reached ** piety under Qazlal
  2181 | D:4      | Found Axtoanus's Antique Weapon Shop.
  2350 | D:4      | Reached skill level 1 in Shields
  2350 | D:4      | Reached XP level 6. HP: 30/46 MP: 9/9
  2513 | D:4      | Noticed an orc warrior
  2535 | D:5      | Entered Level 5 of the Dungeon
  2918 | D:5      | Reached XP level 7. HP: 48/52 MP: 10/10
  3034 | D:4      | Found a glowing golden altar of the Shining One.
  3128 | D:4      | Reached skill level 5 in Shields
  3402 | D:3      | Noticed AAAAA's ghost (amateur OpWr)
  3413 | D:3      | Killed AAAAA's ghost
  3584 | D:3      | Noticed Terence
  3638 | D:3      | Reached skill level 3 in Long Blades
  3713 | D:3      | Reached XP level 8. HP: 48/57 MP: 11/11
  3719 | D:3      | Killed Terence
  4115 | D:5      | Found a staircase to the Ecumenical Temple.
  4126 | Temple   | Entered the Ecumenical Temple
  4699 | D:5      | Noticed Grinder
  4704 | D:5      | Paralysed by Grinder for 2 turns
  4720 | D:5      | Killed Grinder
  4720 | D:5      | Reached skill level 4 in Long Blades
  5180 | D:6      | Reached skill level 5 in Dodging
  5455 | D:6      | Reached skill level 5 in Long Blades
  5683 | D:7      | Gained mutation: Your muscles are strong. (Str +2) [potion of mutation]
  5683 | D:7      | Gained mutation: You are covered in fur. (AC +1) [potion of mutation]
  5683 | D:7      | Gained mutation: You are agile. (Dex +2) [potion of mutation]
  5684 | D:7      | Gained mutation: You are somewhat resistant to further mutation. [potion of mutation]
  5707 | D:7      | Found a flagged portal.
  5738 | Bailey   | Entered a bailey
  5738 | Bailey   | Noticed max's ghost (novice MiBe)
  5810 | D:7      | Reached XP level 9. HP: 40/62 MP: 9/12
  5830 | D:7      | Reached skill level 6 in Long Blades
  6061 | D:7      | Found a shimmering altar of Xom.
  6157 | D:6      | Gained mutation: Your flesh is cold resistant. (rC+) [mutagenic meat]
  6327 | D:7      | Reached *** piety under Qazlal
  6561 | D:7      | Reached skill level 7 in Long Blades
  6596 | D:8      | Noticed Grum
  6672 | D:8      | Found a bloodstained altar of Trog.
  6674 | D:8      | Found a snail-covered altar of Cheibriados.
  6682 | D:8      | Noticed Erica
  6917 | D:7      | Reached skill level 8 in Long Blades
  7142 | D:7      | Reached skill level 1 in Invocations
  7720 | D:7      | Reached XP level 10. HP: 64/68 MP: 7/13
  7820 | D:7      | Reached skill level 9 in Long Blades
  8174 | D:8      | Found a basalt altar of Yredelemnul.
  8174 | D:8      | Found an iron altar of Okawaru.
  8175 | D:8      | Found a sacrificial altar of Ru.
  8179 | D:8      | Found a shadowy altar of Dithmenos.
  8571 | D:8      | Killed Erica
  8571 | D:8      | Reached skill level 5 in Invocations
  8583 | D:8      | Killed Grum
  8585 | D:8      | Killed from afar by a hell hound

Skill      XL: |  1  2  3  4  5  6  7  8  9 10 |
---------------+-------------------------------+-----
Fighting       | 3 4 5 6 |  6.0
Shields        | 1 3 5 |  5.4
Dodging        | 3 5 6 |  6.8
Long Blades    | 3 5 8 9 |  9.8
Invocations    | 3 5 |  5.9
Throwing       | |  1.0
Spellcasting   | |  2.0
Translocations | |  3.0

Action                   |  1- 3 |  4- 6 |  7- 9 | 10-12 || total
-------------------------+-------+-------+-------+-------++-------
Melee: Falchion          |    34 |   115 |   354 |    88 ||   591
       Tentacles         |    10 |    28 |   110 |    40 ||   188
       Constrict         |     9 |    36 |    83 |    21 ||   149
 Cast: Shroud of Golubri |     1 |     2 |    12 |     2 ||    17
       Blink             |       |     3 |    10 |     3 ||    16
Invok: Upheaval          |       |       |     1 |     4 ||     5
Evoke: Wand              |       |       |     4 |     1 ||     5
  Use: Scroll            |     2 |     5 |    14 |       ||    21
       Potion            |       |       |     5 |       ||     5
 Stab: Sleeping          |     3 |     2 |       |       ||     5
  Eat: Chunk             |       |     6 |    22 |     4 ||    32
       Pizza             |       |       |     1 |       ||     1
       Fruit             |       |       |     1 |       ||     1
Armor: Skin              |     3 |    11 |     6 |     3 ||    23
Dodge: Dodged            |    35 |    83 |   261 |    72 ||   451
Block: Other             |       |     1 |       |       ||     1
       Buckler           |       |     8 |   159 |    45 ||   212
       Rpst.: Falchion   |    10 |    29 |    64 |    20 ||   123
